[Event "Early-Titled-Tuesday-Blitz-August-29-2023"]
[Site "Chess.com"]
[Date "2023.08.29"]
[Round "4"]
[White "jk13"]
[Black "ViktoriyaTarasova"]
[Result "1-0"]
[WhiteElo "2656"]
[BlackElo "2408"]
[TimeControl "180+1"]
[EndTime "8:38:08 PDT"]
[Termination "jk13 won by resignation"]

1. e4 e5 2. Nf3 Nc6 3. Bc4 Bc5 4. c3 Nf6 5. d3 d6 6. Bb3 h6 7. h3 a5 8. O-O O-O 9. Re1 Ba7 10. Nbd2 Be6 11.
Bc2 Re8 12. Nf1 d5 13. Qe2 b5 14. Rd1 Qe7 15. Ng3 Rad8 16. Nh4 Qf8 17. Nhf5 dxe4 18.
dxe4 Bc4 19. Qf3 Rxd1+ 20. Bxd1 Nh7 21. Nh5 g6 22. Nxh6+ Kh8 23. Nf6 Rd8 24. Nhg4 Rd6 25. Nxh7 Kxh7 26. Be2 f5 27. exf5 gxf5 28. Bxc4 bxc4 29.
Be3 Rd3 30. Qxc6 fxg4 31. Qe4+ 1-0

[Event "Early-Titled-Tuesday-Blitz-August-29-2023"]
[Site "Chess.com"]
[Date "2023.08.29"]
[Round "4"]
[White "Nbk90"]
[Black "CalinGheorghiu"]
[Result "0-1"]
[WhiteElo "2109"]
[BlackElo "2335"]
[TimeControl "180+1"]
[EndTime "8:38:09 PDT"]
[Termination "CalinGheorghiu won by resignation"]

1. Nf3 c6 2. c4 d5 3. g3 Nf6 4.
Bg2 e6 5. O-O Be7 6. d4 O-O 7. Qc2 Nbd7 8. Nbd2 a5 9. Rd1 Re8 10. b3 Bf8 11. e4 dxe4 12. Nxe4 Nxe4 13. Qxe4 a4 14. Rb1 Nf6 15. Qe2 axb3 16. axb3 Bb4 17. Bg5 h6 18. Bf4 Bd7 19. h3 Ra3 20. g4 Qa5 21.
Ne5 Ra8 22. h4 Ra2 23. Qf3 Be8 24. g5 hxg5 25. hxg5 Nd7 26. Qh3 Nxe5 27. Bxe5 Re2 28. g6 Rxe5 29. dxe5 Qxe5 30. Qh7+ Kf8 31. gxf7 Bxf7 32.
Rd7 Bg8 33. Qh5 Qxh5 0-1

[Event "Early-Titled-Tuesday-Blitz-August-29-2023"]
[Site "Chess.com"]
[Date "2023.08.29"]
[Round "4"]
[White "SRob2003"]
[Black "Genghis_K"]
[Result "1-0"]
[WhiteElo "2643"]
[BlackElo "2880"]
[TimeControl "180+1"]
[EndTime "8:38:10 PDT"]
[Termination "SRob2003 won by resignation"]

1. c4 Nf6 2. g3 g6 3. Bg2 Bg7 4. Nc3 O-O 5. d3 d6 6. Nf3 e5 7.
O-O Nc6 8. Rb1 a5 9. a3 Nd4 10. b4 axb4 11. axb4 Nxf3+ 12. Bxf3 c6 13. b5 d5 14.
bxc6 bxc6 15. cxd5 cxd5 16. Bg5 Be6 17. Rb5 Ra5 18. Qb1 h6 19. Bxf6 Bxf6 20. Nxd5 Bg7 21.
Ne7+ Kh7 22. Nc6 Rxb5 23. Qxb5 Qd6 24. Qb4 Qc7 25. Rb1 f5 26. Qb7 Rf7 27. Qa8 Rf8 28. Rb7 Qxc6 29. Rxg7+ 1-0

[Event "Early-Titled-Tuesday-Blitz-August-29-2023"]
[Site "Chess.com"]
[Date "2023.08.29"]
[Round "4"]
[White "Goffredo_Fofi"]
[Black "jimmy-schlumpf"]
[Result "1-0"]
[WhiteElo "2556"]
[BlackElo "2395"]
[TimeControl "180+1"]
[EndTime "8:38:11 PDT"]
[Termination "Goffredo_Fofi won by resignation"]

1. d4 Nf6 2. c3 g6 3. Bg5 Bg7 4. Nd2 d5 5. e3 Nbd7 6. f4 c5 7. Ngf3 Qb6 8. Rb1 a5 9. Bd3 O-O 10. O-O a4 11. a3 Qc7 12. Ne5 Ne8 13. Bh4 Nxe5 14. fxe5 f6 15. Bg3 fxe5 16. Rxf8+ Kxf8 17. Qf3+ Kg8 18. Qxd5+ e6 19. Qxc5 Qxc5 20. dxc5 Ra5 21.
Ne4 Bd7 22. Bc4 Nc7 23. Rd1 Bc6 24. Rd8+ Bf8 25. Bxe5 Bxe4 26. Bxc7 Rxc5 27. Rxf8+ 1-0

[Event "Early-Titled-Tuesday-Blitz-August-29-2023"]
[Site "Chess.com"]
[Date "2023.08.29"]
[Round "4"]
[White "artin10862"]
[Black "TrenerChos"]
[Result "1-0"]
[WhiteElo "2810"]
[BlackElo "2550"]
[TimeControl "180+1"]
[EndTime "8:38:14 PDT"]
[Termination "artin10862 won by resignation"]

1. e4 c5 2. Nf3 Nc6 3. Bb5 Nf6 4. e5 Nd5 5. O-O g6 6. Re1 Bg7 7. Bxc6 dxc6 8. h3 O-O 9. d3 h6 10. Nbd2 b6 11. Ne4 Ba6 12. Bd2 Qc7 13. c4 Nb4 14. Bxb4 cxb4 15. Qa4 Bb7 16. Qxb4 Bxe5 17. Nxe5 Qxe5 18.
Nc3 Qd4 19. Qxe7 Bc8 20. Qe5 Qxe5 21. Rxe5 Bf5 22. d4 Rfd8 23. Rd1 Rd6 24. d5 Kf8 25. Rde1 Rad8 26. Re7 b5 27. c5 R6d7 28. Rxd7 Bxd7 29. d6 Be6 30. Ne2 Bxa2 31. Ra1 Re8 32. Rxa2 Rxe2 33. Rxa7 Ke8 34. b4 Re1+ 35. Kh2 Re4 36. Rc7 Rxb4 37. Rxc6 Rb2 38. Rc8+ Kd7 39. Rc7+ Ke6 40. Re7+ Kf6 41. c6 Rc2 42. c7 b4 43. Re8 b3 44. d7 1-0

[Event "Early-Titled-Tuesday-Blitz-August-29-2023"]
[Site "Chess.com"]
[Date "2023.08.29"]
[Round "4"]
[White "ybothg"]
[Black "stepanosinovsky"]
[Result "1-0"]
[WhiteElo "2488"]
[BlackElo "2296"]
[TimeControl "180+1"]
[EndTime "8:38:15 PDT"]
[Termination "ybothg won on time"]

1. d4 Nf6 2. Bg5 c5 3. d5 Ne4 4. h4 d6 5. Nd2 Nxg5 6. hxg5 g6 7. c3 h6 8. e4 Nd7 9. Ngf3 a6 10. a4 Bg7 11.
gxh6 Rxh6 12. Rxh6 Bxh6 13. a5 Nf6 14. Bd3 Kf8 15. Ke2 Nh5 16. g3 Bg4 17. Qh1 e6 18. dxe6 fxe6 19. Nc4 Qf6 20. Nb6 Rd8 21. e5 dxe5 22. Be4 Kg7 23. Rd1 Nf4+ 24. gxf4 Qxf4 25. Bxb7 e4 26. Rxd8 exf3+ 27. Bxf3 Qe4+ 28. Kf1 Bxf3 29. Rd7+ Kg8 30. Rd8+ Kf7 31. Rd7+ Ke8 32. Qxh6 Qe1+ 33. Kxe1 1-0

[Event "Early-Titled-Tuesday-Blitz-August-29-2023"]
[Site "Chess.com"]
[Date "2023.08.29"]
[Round "4"]
[White "Beca95"]
[Black "Sinquefield"]
[Result "1/2-1/2"]
[WhiteElo "2956"]
[BlackElo "2439"]
[TimeControl "180+1"]
[EndTime "8:38:16 PDT"]
[Termination "Game drawn by repetition"]

1. e4 e6 2. d4 d5 3. Nc3 dxe4 4.
Nxe4 Bd7 5. Nf3 Bc6 6. Bd3 Nd7 7.
O-O Ngf6 8. Re1 Be7 9. c4 O-O 10. Nxf6+ Bxf6 11. Ne5 Nxe5 12. dxe5 Bg5 13. Qh5 Qxd3 14.
Bxg5 Qg6 15. Qxg6 hxg6 16. Rad1 f6 17. Bf4 g5 18. Bg3 f5 19. f4 Rad8 20. fxg5 Kf7 21.
Bf4 Kg6 22. Kf2 Rh8 23. h3 Rhe8 24. Be3 b6 25. b3 Rf8 26. Bf4 Rfe8 27. g3 Rh8 28. h4 Kh5 29. Ke3 Kg4 30. g6 Kh5 31. Bg5 Rxd1 32. Rxd1 Kxg6 33. Kf4 Rf8 34. Bd8 Rf7 35.
Rd2 Kh5 36. a4 a5 37. Bg5 Be4 38. Rd8 Kg6 39. Rh8 Rd7 40. h5+ Kf7 41. Rd8 Rxd8 42. Bxd8 Bc2 43. Bxc7 Bxb3 44. Bxb6 Bxc4 45. Bxa5 Bb3 46.
Kg5 Bxa4 47. Bd8 Bd1 48. Bb6 Bg4 49. Be3 Bd1 50. Bf4 Bg4 51. Be3 Bd1 52. Bf4 Bg4 53. Be3 1/2-1/2

[Event "Early-Titled-Tuesday-Blitz-August-29-2023"]
[Site "Chess.com"]
[Date "2023.08.29"]
[Round "4"]
[White "arenal72"]
[Black "LionTheLeon_06"]
[Result "0-1"]
[WhiteElo "2530"]
[BlackElo "2778"]
[TimeControl "180+1"]
[EndTime "8:38:16 PDT"]
[Termination "LionTheLeon_06 won by resignation"]

1. e4 e6 2. d4 d5 3. e5 c5 4. c3 Qb6 5. Nf3 Bd7 6. Bd3 Nc6 7. O-O Rc8 8. a4 cxd4 9. a5 Nxa5 10. Nxd4 Nc6 11.
Nb5 Nxe5 12. Be3 Bc5 13. Bxc5 Qxc5 14. b4 Qb6 15. Nd4 Nf6 16. f4 Nxd3 17. Qxd3 O-O 18. Nd2 Ne4 19. Nxe4 dxe4 20. Qg3 Rc4 21. Rad1 Rfc8 22.
f5 exf5 23. Kh1 Rxc3 24. Qg5 h6 25. Qe7 R3c7 26. Qe5 Qxb4 27. Nxf5 Bxf5 28. Qxf5 Re8 29. Rde1 e3 30. Qf3 Qe4 31. Qg3 e2 32. Qxc7 exf1=Q+ 33. Rxf1 Qe7 34. Qc4 Qe6 35. Qf4 b5 36. h3 a5 37. Qf2 b4 38. Qa7 Qd5 39. Rf2 b3 40.
Kh2 b2 41. Rxb2 Qe5+ 42. g3 Qxb2+ 0-1

[Event "Early-Titled-Tuesday-Blitz-August-29-2023"]
[Site "Chess.com"]
[Date "2023.08.29"]
[Round "4"]
[White "Juicy_Fork"]
[Black "Aemulus20"]
[Result "0-1"]
[WhiteElo "2403"]
[BlackElo "2654"]
[TimeControl "180+1"]
[EndTime "8:38:16 PDT"]
[Termination "Aemulus20 won by resignation"]

1. e4 c6 2. d4 d5 3. f3 Qb6 4. Nc3 dxe4 5. fxe4 e5 6. Nf3 exd4 7. Qxd4 Nf6 8. Be3 Be6 9. a3 Nbd7 10. Qxb6 axb6 11. h3 b5 12. O-O-O b4 13. axb4 Bxb4 14. Bd4 Ra1+ 15. Kd2 Nxe4+ 16. Ke3 Rxd1 17. Nxd1 Nef6 18. Bd3 Kd8 19. Ng5 Bd5 20. c4 h6 21. cxd5 Nxd5+ 22.
Kf2 hxg5 23. Bxg7 Bc5+ 24. Kf3 Re8 25. Be4 Ne5+ 26. Bxe5 Rxe5 27. Nc3 Nf6 28. Rd1+ Kc7 29. g3 Bb4 30. Rd4 Bxc3 31. bxc3 c5 32. Rc4 b5 0-1

[Event "Early-Titled-Tuesday-Blitz-August-29-2023"]
[Site "Chess.com"]
[Date "2023.08.29"]
[Round "4"]
[White "BillCoe"]
[Black "Balla_Tamas"]
[Result "0-1"]
[WhiteElo "2127"]
[BlackElo "2443"]
[TimeControl "180+1"]
[EndTime "8:38:16 PDT"]
[Termination "Balla_Tamas won by checkmate"]

1. e4 c5 2. Nf3 Nc6 3. Bb5 Nf6 4. e5 Nd5 5. c3 Nc7 6. Ba4 g6 7. O-O Bg7 8. Re1 O-O 9. d4 cxd4 10.
cxd4 d6 11. exd6 Qxd6 12. Bxc6 bxc6 13. Nc3 Rd8 14. Be3 Nd5 15. Nxd5 Qxd5 16. Qa4 Bg4 17. Ne5 Bd7 18. Nxd7 Rxd7 19. Red1 Rad8 20. Rac1 c5 21. b3 cxd4 22. Bd2 d3 23. Rc4 Bd4 24. Ba5 Bb6 25. Bc3 Qh5 26. b4 Qe2 27. Rf4 d2 28. Qb3 e6 29. Rf3 Rd3 30. Qc4 Qxd1# 0-1

[Event "Early-Titled-Tuesday-Blitz-August-29-2023"]
[Site "Chess.com"]
[Date "2023.08.29"]
[Round "4"]
[White "benny_aizenberg"]
[Black "Vladimir_Zakhartsov"]
[Result "0-1"]
[WhiteElo "2659"]
[BlackElo "2916"]
[TimeControl "180+1"]
[EndTime "8:38:17 PDT"]
[Termination "Vladimir_Zakhartsov won by resignation"]

1. c4 e5 2. g3 Nf6 3. Bg2 c6 4. d4 Bb4+ 5. Bd2 Bxd2+ 6. Qxd2 d6 7. Nc3 O-O 8. e3 Be6 9. d5 cxd5 10. Nxd5 Nxd5 11.
Bxd5 Bxd5 12. Qxd5 Qb6 13. b3 Nc6 14. Ne2 Rad8 15.
O-O Ne7 16. Qd3 d5 17. cxd5 Nxd5 18. Qe4 Qe6 19. Rfd1 b6 20. Rac1 h6 21. Kg2 Rd7 22. Qa4 Rfd8 23. Kg1 Qh3 24. Qe4 Nf4 25. Re1 Nd3 26.
Qg2 Qxg2+ 27. Kxg2 Nxe1+ 28. Rxe1 Rd1 29. Nc3 Rxe1 0-1

[Event "Early-Titled-Tuesday-Blitz-August-29-2023"]
[Site "Chess.com"]
[Date "2023.08.29"]
[Round "4"]
[White "HElissalt"]
[Black "djano"]
[Result "0-1"]
[WhiteElo "2366"]
[BlackElo "2523"]
[TimeControl "180+1"]
[EndTime "8:38:18 PDT"]
[Termination "djano won by resignation"]

1. d4 Nf6 2. c4 c5 3. d5 b6 4. Nc3 g6 5. e4 d6 6. f4 Bg7 7.
Nf3 O-O 8. Bd3 e6 9. O-O Na6 10. e5 Ne8 11. Be4 Rb8 12. Qe2 Nac7 13. Rd1 exd5 14.
cxd5 Bg4 15. e6 fxe6 16. dxe6 Nxe6 17. Bd5 Nc7 18. h3 Bf5 19. g4 Nxd5 20. gxf5 Nexf4 21.
Bxf4 Nxf4 22. Qe4 Rxf5 23. Nd5 Nxd5 24. Rxd5 Qf6 25. Rad1 Rxf3 26. Rxd6 Rf1+ 27. Rxf1 Qxd6 28. Qc4+ Kh8 29. Qf7 Rf8 0-1

[Event "Early-Titled-Tuesday-Blitz-August-29-2023"]
[Site "Chess.com"]
[Date "2023.08.29"]
[Round "4"]
[White "RIPOL"]
[Black "KevinGeorgeMicheal"]
[Result "1-0"]
[WhiteElo "2448"]
[BlackElo "2135"]
[TimeControl "180+1"]
[EndTime "8:38:27 PDT"]
[Termination "RIPOL won on time"]

1. d4 Nf6 2. Bg5 c5 3. Bxf6 exf6 4. dxc5 Bxc5 5. e3 O-O 6. Nd2 d5 7. Nb3 Bb6 8. Nf3 Nc6 9. Be2 Bg4 10. O-O Qd6 11. c3 Rad8 12. h3 Bxf3 13. Bxf3 Ne5 14. Nd4 Bxd4 15. exd4 Nc4 16. b3 Nb6 17. Rc1 Rc8 18.
Qd3 Rc7 19. c4 dxc4 20. bxc4 Rfc8 21. Bg4 Nd7 22. c5 Nxc5 23. Qa3 Rd8 24. dxc5 Qf4 25. Qxa7 f5 26. Bf3 Qb4 27. Qb6 Qf4 28. g3 Qe5 29.
Rfe1 Rxc5 30. Qxd8+ 1-0

[Event "Early-Titled-Tuesday-Blitz-August-29-2023"]
[Site "Chess.com"]
[Date "2023.08.29"]
[Round "4"]
[White "aghasiyevkamal"]
[Black "attack2mateU"]
[Result "0-1"]
[WhiteElo "2498"]
[BlackElo "2738"]
[TimeControl "180+1"]
[EndTime "8:38:29 PDT"]
[Termination "attack2mateU won by resignation"]

1. d4 Nf6 2. c4 g6 3. f3 Nc6 4. d5 Ne5 5. e4 d6 6. Nc3 Bg7 7. Be3 O-O 8. Bd3 e6 9. Nge2 c6 10. O-O exd5 11. cxd5 cxd5 12. exd5 Re8 13. Bd4 Nxd3 14. Qxd3 Bf5 15. Qd2 a6 16. Ng3 Bd7 17.
Nge4 Bf5 18. Rae1 Bxe4 19. fxe4 Ng4 20. Bxg7 Kxg7 21. Qd4+ Ne5 22. a4 Rc8 23. b3 Qc7 24. Ne2 Qc2 25. Qb6 Nd3 26. Nd4 Qc5 27. Qxc5 dxc5 28.
Rd1 Nb2 29. Rd2 cxd4 30. Rxb2 Rxe4 31. Rd2 Rd8 32. Rc1 Rxd5 33. Rc7 d3 34. Kf2 Rf5+ 35. Kg3 Re3+ 36. Kg4 h5+ 37. Kh4 Kh6 0-1

[Event "Early-Titled-Tuesday-Blitz-August-29-2023"]
[Site "Chess.com"]
[Date "2023.08.29"]
[Round "4"]
[White "BlueWizzard"]
[Black "Msb2"]
[Result "1/2-1/2"]
[WhiteElo "2897"]
[BlackElo "3026"]
[TimeControl "180+1"]
[EndTime "8:38:30 PDT"]
[Termination "Game drawn by repetition"]

1. c4 e6 2. Nc3 d5 3. cxd5 exd5 4. d4 Bb4 5. Qb3 c5 6. Nf3 Nc6 7. a3 c4 8. Qc2 Ba5 9. Bf4 Nge7 10. e3 Bf5 11. Qc1 O-O 12. Be2 Bc7 13. Bg3 Rb8 14.
O-O b5 15. Bd1 a5 16. Bc2 Bxg3 17. hxg3 b4 18. Na4 Qd6 19. Re1 Rfe8 20. e4 Bg4 21. e5 Qh6 22. Qe3 Qxe3 23. fxe3 Bf5 24. Rac1 Bxc2 25. Rxc2 Nf5 26. g4 Ng3 27. Nc5 h5 28.
gxh5 f6 29. e4 fxe5 30. exd5 Nxd4 31. Rxc4 Nxf3+ 32. gxf3 Nxh5 33. d6 Nf6 34. axb4 axb4 35. Rd1 Red8 36. Ne6 Rd7 37. Nc5 Rdd8 38. Ne6 Rd7 39.
Nc5 Rdd8 1/2-1/2

[Event "Early-Titled-Tuesday-Blitz-August-29-2023"]
[Site "Chess.com"]
[Date "2023.08.29"]
[Round "4"]
[White "LeoLV10"]
[Black "twofoxniel"]
[Result "0-1"]
[WhiteElo "2483"]
[BlackElo "2662"]
[TimeControl "180+1"]
[EndTime "8:38:31 PDT"]
[Termination "twofoxniel won by checkmate"]

1. e4 d5 2. exd5 Nf6 3. Nc3 Nxd5 4. Nxd5 Qxd5 5. Nf3 Nc6 6. Be2 Bg4 7. h3 Bh5 8. d3 O-O-O 9. O-O Rg8 10. Be3 g5 11.
Nd2 Bxe2 12. Qxe2 g4 13. h4 Ne5 14. Kh1 e6 15. d4 Ng6 16. c4 Qh5 17. g3 Nxh4 18.
gxh4 Qxh4+ 19. Kg1 g3 20. f4 g2 21. Rfd1 Qh1+ 22.
Kf2 Qh4+ 23. Kf3 Rxd4 24. Bxd4 Rg3+ 25. Ke4 f5+ 26. Ke5 Qe7 27. Bc5 Bg7# 0-1

[Event "Early-Titled-Tuesday-Blitz-August-29-2023"]
[Site "Chess.com"]
[Date "2023.08.29"]
[Round "4"]
[White "lamomiajunior"]
[Black "Chessbard1972"]
[Result "1-0"]
[WhiteElo "2803"]
[BlackElo "2545"]
[TimeControl "180+1"]
[EndTime "8:38:32 PDT"]
[Termination "lamomiajunior won by resignation"]

1. d4 Nf6 2. Nc3 d5 3. Bf4 Bf5 4. f3 e6 5. g4 Bg6 6. Qd2 Bb4 7. a3 Bd6 8. h4 h6 9. Nh3 a6 10. e3 c5 11. Bxd6 Qxd6 12. Nf4 Bh7 13. g5 Nfd7 14. g6 fxg6 15. O-O-O Nc6 16. Bh3 Nf8 17. dxc5 Qxc5 18.
Bxe6 g5 19. hxg5 hxg5 20. Nd3 Qd6 21. Bxd5 O-O-O 22. e4 Ne6 23. Bxe6+ Qxe6 24. Qxg5 Nd4 25. Qe3 Kb8 26. Nf4 Qe5 27. Nfd5 Nc6 28. f4 Qe6 29. Rhe1 Rhe8 30. Qg3 Qf7 31. f5+ Ne5 32. Nf4 Rxd1+ 33. Rxd1 Ka8 34. Ne6 Rxe6 35. fxe6 Qxe6 36. Qxg7 Bg6 37. Qf8+ Ka7 38. Qc5+ b6 39. Qd6 Qe8 40.
Qc7+ Ka8 41. Rd8+ 1-0

[Event "Early-Titled-Tuesday-Blitz-August-29-2023"]
[Site "Chess.com"]
[Date "2023.08.29"]
[Round "4"]
[White "colegiodemadrid"]
[Black "MatyChess1"]
[Result "0-1"]
[WhiteElo "2423"]
[BlackElo "2675"]
[TimeControl "180+1"]
[EndTime "8:38:32 PDT"]
[Termination "MatyChess1 won by checkmate"]

1. e4 c6 2. d4 d5 3. e5 Bf5 4.
h4 Qb6 5. Nc3 h5 6. Nge2 e6 7.
Ng3 Bg6 8. a3 Ne7 9. Be2 c5 10.
dxc5 Qxc5 11. Be3 Qa5 12. b4 Qd8 13. Nb5 Nec6 14. f4 a6 15. Nd4 Nxd4 16. Bxd4 Nc6 17. Nf1 Bxc2 18. Qd2 Bg6 19. Ne3 Rc8 20. Kf2 Be7 21.
g3 O-O 22. Rhc1 Be4 23. Bxh5 Bxh4 24. Be2 Be7 25. Bf3 f6 26. exf6 Bxf6 27. Bxf6 Qxf6 28. Bxe4 dxe4 29. Qe2 Nd4 30. Qh5 Nf3 31. Rxc8 Rxc8 32. Rh1 Qb2+ 33. Kf1 Rc1+ 34. Nd1 Rxd1# 0-1

[Event "Early-Titled-Tuesday-Blitz-August-29-2023"]
[Site "Chess.com"]
[Date "2023.08.29"]
[Round "4"]
[White "Firouzja2003"]
[Black "Rsnr"]
[Result "1-0"]
[WhiteElo "3079"]
[BlackElo "2903"]
[TimeControl "180+1"]
[EndTime "8:38:33 PDT"]
[Termination "Firouzja2003 won by resignation"]

1. e4 c6 2. Nc3 d5 3. Qf3 d4 4. Bc4 Nf6 5. Nce2 Nbd7 6. Bb3 Nc5 7. d3 Nxb3 8. axb3 e5 9. Qg3 Qd6 10. Nf3 Nd7 11. O-O Qg6 12. Qh4 Be7 13. Bg5 f6 14.
Bd2 Nc5 15. Ng3 h5 16. Bb4 Be6 17. Rfe1 b6 18. Bxc5 Bxc5 19. Nf5 Kf7 20. c3 dxc3 21. bxc3 Bxf5 22. exf5 Qxf5 23. d4 exd4 24. b4 Bd6 25.
Qxd4 Qf4 26. Re4 1-0

[Event "Early-Titled-Tuesday-Blitz-August-29-2023"]
[Site "Chess.com"]
[Date "2023.08.29"]
[Round "4"]
[White "KVAIDAN"]
[Black "Alphafischer2019"]
[Result "0-1"]
[WhiteElo "2378"]
[BlackElo "2528"]
[TimeControl "180+1"]
[EndTime "8:38:34 PDT"]
[Termination "Alphafischer2019 won by resignation"]

1. f4 d5 2. Nf3 Nf6 3. e3 Bf5 4. Be2 h6 5. O-O e6 6. b3 c5 7.
Bb2 Nc6 8. Bb5 Qb6 9. a4 Nd7 10. d3 a6 11. a5 Qc7 12. Ba4 O-O-O 13. Nbd2 Bh7 14. Qe2 Nf6 15. Bxc6 Qxc6 16. Ne5 Qc7 17. d4 Kb8 18. c4 cxd4 19. Bxd4 Bc5 20. b4 Bxd4 21. exd4 dxc4 22. Ndxc4 Nd5 23. Nb6 Nxb6 24. axb6 Qxb6 25. Nxf7 Qxd4+ 26. Kh1 Bd3 27. Qe5+ Qxe5 28. fxe5 Bxf1 29. Nxh8 Bxg2+ 30. Kxg2 Rxh8 31. Kf3 Rc8 32. Rg1 g5 33. h4 Rc3+ 34. Ke2 gxh4 35. Rg6 Rc6 36.
Rxh6 Ka7 37. Kd3 Kb6 38. Rxh4 Kb5 39. Rd4 b6 40. Rf4 a5 41. bxa5 bxa5 42. Kd2 a4 43. Kd3 a3 44. Rf8 a2 45. Rf1 Kb4 46. Rf4+ Kb3 47.
Rf8 a1=Q 48. Rb8+ Ka2 49. Ra8+ Kb1 50. Rb8+ Qb2 51. Rxb2+ Kxb2 52. Kd4 Kb3 53. Ke4 Kc4 54. Kf4 Kd4 0-1

[Event "Early-Titled-Tuesday-Blitz-August-29-2023"]
[Site "Chess.com"]
[Date "2023.08.29"]
[Round "4"]
[White "TC2304"]
[Black "Arystanner"]
[Result "0-1"]
[WhiteElo "2434"]
[BlackElo "2856"]
[TimeControl "180+1"]
[EndTime "8:38:36 PDT"]
[Termination "Arystanner won on time"]

1. c4 e5 2. Nc3 Nf6 3. g3 d5 4. cxd5 Nxd5 5. Bg2 Nb6 6. e3 Nc6 7. Nge2 Bd6 8. O-O O-O 9. d4 Bg4 10. d5 Ne7 11. a4 a5 12. Nb5 Bb4 13. h3 Bh5 14. g4 Bg6 15. e4 c6 16. dxc6 Nxc6 17.
b3 Nd7 18. Nec3 Nc5 19. Nd5 Nxe4 20. Be3 Qh4 21. Rc1 Rad8 22. f3 Ng5 23. Bf2 Nxh3+ 24.
Bxh3 Qxh3 25. Nbc3 Bxc3 26. Rxc3 Kh8 27. f4 Qxc3 28. Nxc3 Rxd1 29. Rxd1 exf4 30. Rd7 Ne5 31. Rxb7 Nxg4 32. Bb6 f3 33. Ra7 h5 34. Rxa5 Rc8 35. Bc5 f2+ 36. Kg2 Rxc5 37. Rxc5 h4 38. a5 h3+ 39. Kxh3 f1=Q+ 40. Kg3 Qg1+ 0-1

[Event "Early-Titled-Tuesday-Blitz-August-29-2023"]
[Site "Chess.com"]
[Date "2023.08.29"]
[Round "4"]
[White "kinga2008"]
[Black "AndreiITrifan"]
[Result "0-1"]
[WhiteElo "2397"]
[BlackElo "2560"]
[TimeControl "180+1"]
[EndTime "8:38:39 PDT"]
[Termination "AndreiITrifan won by resignation"]

1. e4 e5 2. Nf3 Nc6 3. d4 exd4 4.
Bc4 Bc5 5. O-O d6 6. Nbd2 Nf6 7.
Nb3 O-O 8. Nbxd4 Nxe4 9. Bd5 Nxd4 10. Nxd4 Nf6 11. Bf3 h6 12. Be3 Re8 13. Qd2 Ng4 14. Rfe1 Nxe3 15. fxe3 Qf6 16. c3 c6 17. Rf1 Qg5 18.
Rae1 Bg4 19. Bxg4 Qxg4 20. Rf4 Qg6 21. Ref1 f6 22. Nf5 Qxf5 23. Rxf5 Bxe3+ 24. R5f2 Bxd2 25. Rxd2 d5 26. c4 Rad8 27. Rfd1 Re6 28. cxd5 Red6 29. Re2 Rxd5 30. Rde1 R8d7 31. Kf2 Rd2 32. Kf3 Rxe2 33. Rxe2 Kf7 34. b3 a5 35. Rc2 Rd5 36. Ke4 Ke6 37. g3 Kd6 38. Kf4 a4 39. bxa4 Rd4+ 40. Kf5 Rxa4 41. h3 Ra5+ 42. Kf4 Ra4+ 43. Kf5 Ra5+ 44.
Kf4 g6 45. Rd2+ Rd5 46. Rb2 b5 47. Ke4 Re5+ 48. Kf4 Rf5+ 49. Ke4 Rd5 50. Rf2 f5+ 51. Ke3 Re5+ 52. Kd3 h5 53. g4 hxg4 54. hxg4 fxg4 55. Rf6+ Re6 56. Rf4 Ke5 57. Rxg4 Kf5 58. Rg1 g5 59. Kd4 g4 60. Kd3 Kf4 61. Kd2 g3 0-1

[Event "Early-Titled-Tuesday-Blitz-August-29-2023"]
[Site "Chess.com"]
[Date "2023.08.29"]
[Round "4"]
[White "Beltraxtor"]
[Black "le_poisson"]
[Result "1-0"]
[WhiteElo "2641"]
[BlackElo "2332"]
[TimeControl "180+1"]
[EndTime "8:38:40 PDT"]
[Termination "Beltraxtor won on time"]

1. e4 e5 2. Nf3 Nc6 3. Bc4 Nf6 4. d3 Be7 5. Nc3 h6 6. O-O O-O 7. a4 d6 8. Nd5 Nxd5 9. Bxd5 Re8 10. c3 Bf6 11. b4 Ne7 12. Bb3 Ng6 13. Re1 Be6 14. d4 exd4 15. cxd4 Bxb3 16. Qxb3 d5 17. e5 Be7 18. Bd2 Nh4 19. Rac1 Nxf3+ 20. Qxf3 c6 21. Qg3 Bg5 22. Qd3 Bxd2 23. Qxd2 a6 24. f4 Qh4 25. f5 Rad8 26. Rf1 Qg5 27. Qd3 Qe7 28. f6 Qxb4 29. fxg7 Qxa4 30. Rf6 Re6 31. Rcf1 Rxf6 32. Rxf6 Qa1+ 33.
Rf1 Qb2 34. Rb1 Qa2 35. Rxb7 Qc4 36. Qd2 c5 37. dxc5 Qxc5+ 38. Kh1 Rc8 39. Rb1 d4 40. Qxh6 1-0

[Event "Early-Titled-Tuesday-Blitz-August-29-2023"]
[Site "Chess.com"]
[Date "2023.08.29"]
[Round "4"]
[White "mistrzemi"]
[Black "AleksandraMilovic"]
[Result "0-1"]
[WhiteElo "2425"]
[BlackElo "2098"]
[TimeControl "180+1"]
[EndTime "8:38:40 PDT"]
[Termination "AleksandraMilovic won on time"]

1. e4 c5 2. Nc3 e6 3. f4 d5 4. Bb5+ Bd7 5. Bxd7+ Qxd7 6. d3 Nc6 7. Nf3 Be7 8. O-O dxe4 9. dxe4 Nf6 10. Qxd7+ Nxd7 11. Be3 O-O-O 12. Rad1 Nb6 13. b3 Bf6 14. e5 Be7 15.
Ne4 c4 16. bxc4 Nxc4 17. Bf2 Rxd1 18. Rxd1 h6 19. Kf1 Rd8 20. Ke2 Rxd1 21. Kxd1 a5 22. c3 b5 23. Kc2 Kc7 24. Nd4 Nxd4+ 25. Bxd4 Kc6 26. Kb3 Kd5 27. Ng3 g6 28. Kc2 h5 29.
Nf1 Ke4 30. g3 Kf3 31. Kd1 Kg2 32. Ke2 Ba3 33. h4 Bb2 0-1

[Event "Early-Titled-Tuesday-Blitz-August-29-2023"]
[Site "Chess.com"]
[Date "2023.08.29"]
[Round "4"]
[White "fabianvivasz"]
[Black "Chessmissile07"]
[Result "0-1"]
[WhiteElo "2430"]
[BlackElo "2831"]
[TimeControl "180+1"]
[EndTime "8:38:43 PDT"]
[Termination "Chessmissile07 won on time"]

1. e4 e5 2. Nf3 Nc6 3. Bc4 Bc5 4.
c3 Nf6 5. d3 O-O 6. O-O h6 7. Nbd2 d6 8. a4 a5 9. h3 Bb6 10. Re1 Ne7 11. Nf1 Ng6 12. Be3 c6 13. Bb3 Re8 14. Ng3 d5 15. Qe2 Nf4 16. Qc2 Bxe3 17.
fxe3 Ng6 18. Rad1 Be6 19. Rf1 Qb6 20. exd5 Qxe3+ 21. Kh2 cxd5 22. Rde1 Qb6 23. Nxe5 Nxe5 24. Rxe5 Qc7 25. d4 Nd7 26. Re3 Nb6 27. Qd3 Re7 28. Bc2 g6 29. b3 Rae8 30. Rf6 Bf5 0-1

[Event "Early-Titled-Tuesday-Blitz-August-29-2023"]
[Site "Chess.com"]
[Date "2023.08.29"]
[Round "4"]
[White "Marcin"]
[Black "GMG"]
[Result "0-1"]
[WhiteElo "2482"]
[BlackElo "2720"]
[TimeControl "180+1"]
[EndTime "8:38:44 PDT"]
[Termination "GMG won by resignation"]

1. e4 e5 2. Nf3 Nc6 3. Bb5 Nf6 4.
d3 d6 5. O-O a6 6. Ba4 b5 7. Bb3 Na5 8. Bg5 Nxb3 9. axb3 Be7 10. Nc3 Bb7 11. b4 O-O 12. Bxf6 Bxf6 13. Nd2 g6 14. Nb3 Qd7 15. Nd5 Bg7 16. Na5 Bc8 17.
c4 Rb8 18. Qd2 c6 19. Ne3 f5 20. exf5 gxf5 21. cxb5 axb5 22. Rac1 Rb6 23. f3 f4 24. Nd1 Qe8 25. Nc3 Qg6 26. Ne4 d5 27. Nf2 Kh8 28. Rfe1 Rg8 29. Kh1 Bf6 30. Ng4 Bxg4 31.
fxg4 Qxg4 32. Rxc6 Rxc6 33. Nxc6 f3 34. Rg1 e4 35.
dxe4 dxe4 36. Qf2 Qe6 37. Nd4 Qb6 38. gxf3 Rxg1+ 39. Qxg1 Qxd4 40. Qg4 Qd1+ 41. Kg2 Qxf3+ 42. Qxf3 exf3+ 43. Kxf3 Bxb2 44. Ke4 Kg7 45. Kd5 Kg6 46. Kc5 Kf5 47. Kxb5 Kg4 48. Kc4 Kh3 49. Kd5 Bc1 50.
Ke4 Kxh2 51. b5 Kg3 52. Kf5 h5 0-1

[Event "Early-Titled-Tuesday-Blitz-August-29-2023"]
[Site "Chess.com"]
[Date "2023.08.29"]
[Round "4"]
[White "Roedor"]
[Black "Semetey"]
[Result "1-0"]
[WhiteElo "2430"]
[BlackElo "2600"]
[TimeControl "180+1"]
[EndTime "8:38:45 PDT"]
[Termination "Roedor won by resignation"]

1. d4 d5 2. c4 e6 3. g3 Nf6 4. Bg2 Bb4+ 5. Nd2 O-O 6. Nf3 dxc4 7. O-O c3 8. Nc4 cxb2 9. Bxb2 Nc6 10. e3 Bd7 11. Qb3 Rb8 12. Nfe5 Qe7 13. Nxc6 Bxc6 14. Bxc6 bxc6 15. Qc2 c5 16. Ne5 cxd4 17. Nc6 Qd6 18.
Nxb8 Rxb8 19. Bxd4 c5 20. Bxf6 gxf6 21. a3 Ba5 22. Rab1 Bb6 23. Rfd1 Qc6 24. Qc3 f5 25.
Qc4 Rc8 26. Rd3 Qe4 27. Rc1 Kg7 28. Qc3+ Kg6 29. Rd7 h5 30. Rcd1 h4 31. Rxf7 Rg8 32. Qf6+ Kh5 33. Rh7+ Kg4 34. Rxh4+ Kf3 35. Rxe4 1-0